 Dungeon Crawl Stone Soup version 0.30-a0-170-g85af917532 (webtiles) character file.

Game seed: 18130836697619416644

31 qw the Shield-Bearer (level 3, -7/23 HPs)
             Began as a Gargoyle Fighter on Oct 1, 2022.
             Mangled by Menkaure (8 damage)
             ... on level 4 of the Dungeon.
             The game lasted 00:00:17 (1087 turns).

qw the Shield-Bearer (Gargoyle Fighter)             Turns: 1087, Time: 00:00:17

Health: -7/23      AC: 14    Str: 21    XL:     3   Next: 22%
Magic:  3/3        EV:  5    Int:  8    God:
Gold:   36         SH:  4    Dex:  9    Spells: 2/2 levels left

rFire   . . .      SeeInvis .    Y - +0 war axe
rCold   . . .      Faith    .    c - +0 buckler
rNeg    + . .      Spirit   .    g - +0 plate armour
rPois   inf        Reflect  .    (no helmet)
rElec   +          Harm     .    (no cloak)
rCorr   .          Rampage  .    (no gloves)
Will    .....                    (no boots)
Stlth   ..........               (no amulet)
HPRegen 0.07/turn                (no ring)
MPRegen 0.08/turn                (no ring)

@: about to teleport
A: sickness immunity, AC +3, negative energy resistance 1, electricity
resistance, torment resistance 1, petrification resistance
a: no special abilities


You were on level 4 of the Dungeon.
You visited 1 branch of the dungeon, and saw 3 of its levels.

You collected 36 gold pieces.


Innate Abilities, Weirdness & Mutations

You are immune to sickness and miasma.
Your stone body is resilient. (AC +3)
You are immune to poison.
You resist negative energy. (rN+)
You are resistant to electric shocks. (rElec)
You are resistant to unholy torment.
You are immune to petrification.


   Skills:
 - Level 3.2 Fighting
 + Level 3.2 Axes
 - Level 3.2 Armour
 - Level 3.2 Shields


You had 2 spell levels left.
You didn't know any spells.
Your spell library was empty.

Inventory:

Hand Weapons
 a - a +0 mace
 Y - a +0 war axe (weapon)
Armour
 c - a +0 buckler (worn)
 g - a +0 plate armour (worn)
Potions
 d - a potion of might
 e - a potion of brilliance {unknown}

Dungeon Overview and Level Annotations

Branches:
Dungeon (2/15)

Altars:

Annotations:
D:4 Menkaure, Robin


Message History

A goblin comes into view. It is wielding a +3 dagger.
The goblin shouts! x2; You hear a shout!
A goblin comes into view. It is wielding a +0 club.
Robin throws the goblin at you!
You barely miss the goblin. You block the goblin's attack.
Robin roars a battlecry!
The goblins go into a battle-frenzy!
Menkaure casts a spell at you. Pain shoots through your body!
You slash the goblin!
You kill the goblin!
A goblin comes into view. It is wielding a +0 club. x2
The goblin shouts!
You hit Menkaure.
Menkaure is lightly damaged.
You hit the hobgoblin. Menkaure hits you!
Ouch! That really hurt!
A goblin comes into view. It is wielding a +0 dagger.
A goblin comes into view. It is wielding a +0 club.
A hobgoblin comes into view.
The hobgoblin barely misses you. Menkaure hits you but does no damage.
Robin's bangles clink loudly.
Robin throws the goblin at you! You block the hobgoblin's attack.
The goblin hits you but does no damage.
1086 ||| READING scroll of teleportation.
As you read the scroll of teleportation, it crumbles to dust.
You feel strangely unstable. Menkaure hits you.
The hobgoblin hits you but does no damage.
The goblin hits you but does no damage.
You slash Menkaure!
Menkaure is heavily damaged.
You barely miss the hobgoblin. You barely miss the goblin.
You slash the goblin!
You kill the goblin!
You block Menkaure's attack.
The hobgoblin hits you but does no damage.
The goblin hits you but does no damage. Menkaure hits you!
You die... ... ... .... ggg..

#######g....
..## #.....g...#
..... #...gMg.#
# .....
#.$)@g..#.#
....##...)g###.#
.....#.....%...#
#...........#
##.#..##....#
#...#.......#
#..##.......#
#..##.......#
##>...........


You could see Menkaure (fast), Robin, 2 hobgoblins and 6 goblins.

Vanquished Creatures
  An adder (D:4)
  A worm (D:4)
  A dart slug (D:2)
  An endoplasm (D:1)
  A giant cockroach (D:1)
  2 goblins (D:4)
  4 hobgoblins (D:1)
  A quokka (D:1)
  3 ball pythons (D:1)
  A bat (D:1)
  A frilled lizard (D:1)
  A kobold (D:1)
18 creatures vanquished.

Notes
Turn   | Place    | Note
-------+----------+-------------------------------------------
     0 | D:1      | qw the Gargoyle Fighter began the quest for the Orb.
     0 | D:1      | Reached XP level 1. HP: 14/14 MP: 1/1
     0 | D:1      | 0 ||| qw: Version: 0.2-a-13-gfc7b4b4
     0 | D:1      | 0 ||| qw: Game counter: 1707
     0 | D:1      | 0 ||| qw: Always use a shield: true
     0 | D:1      | 0 ||| qw: God list: Okawaru
     0 | D:1      | 0 ||| qw: Allow faded altars: false
     0 | D:1      | 0 ||| qw: Do Orc after D:15 true
     0 | D:1      | 0 ||| qw: Do second Lair branch before Depths: true
     0 | D:1      | 0 ||| qw: Lair rune preference: random
     0 | D:1      | 0 ||| qw: Plans: Normal, Zot:1-4, God:TSO, Crypt, Tomb,
                  | Pan, Slime:5, Hells, Abyss, Orb
     0 | D:1      | 0 ||| PLANNING D:1-11
   191 | D:1      | Reached XP level 2. HP: 19/19 MP: 2/2
   636 | D:1      | 636 ||| UPGRADING to +0 chain mail.
   646 | D:1      | 646 ||| DROPPING +0 scale mail.
   647 | D:1      | 647 ||| UPGRADING to +0 plate armour.
   657 | D:1      | 657 ||| DROPPING +0 chain mail.
   658 | D:1      | 658 ||| READING scroll labelled NAZILEN ZORU.
   735 | D:2      | 735 ||| Stepping ~*~*~tactically~*~*~ (hiding).
   900 | D:2      | You fall into a shaft and drop 2 floors!
   914 | D:4      | Reached skill level 3 in Axes
   946 | D:4      | 946 ||| Stepping ~*~*~tactically~*~*~ (stealth).
   960 | D:4      | Reached XP level 3. HP: 15/23 MP: 3/3
  1080 | D:4      | Noticed Menkaure
  1081 | D:4      | Noticed Robin
  1085 | D:4      | HP: 3/23 [Menkaure (17)]
  1086 | D:4      | 1086 ||| READING scroll of teleportation.
  1086 | D:4      | HP: 1/23 [Menkaure (2)]
  1087 | D:4      | Mangled by Menkaure

Levels and vault maps discovered:
D:1:      moated_graveyard_arrival, layout_loops_cross
D:2:      layout_basic
D:4:      layout_basic, mainiacjoe_overflow_boulevard,
          nicolae_gozag_seed_capital, grunt_ministairs_14,
          grunt_decor_arrowhead, st_stairs_1, uniq_pikel, uniq_menkaure,
          uniq_robin

Skill      XL: |  1  2 |
---------------+-------+-----
Axes           | 2 3 |  3.2
Fighting       | |  3.2
Armour         | |  3.2
Shields        | |  3.2

Action                   || total
-------------------------++-------
Melee: War axe           ||    54
  Use: Scroll            ||     2
Armor: Scale mail        ||    21
       Plate armour      ||    11
Dodge: Dodged            ||    26
Block: Buckler           ||    15

Table legend:
 A = Non-vault XP
 B = Vault XP
 C = Vault XP percentage of total XP
 D = Non-vault monster count
 E = Vault monster count
 F = Vault count percentage of total count
                 A         B        C        D         E       F
            +---------+---------+-------+---------+---------+-------
      Total |      43 |       4 |   8.5 |      16 |       2 |  11.1
            +---------+---------+-------+---------+---------+-------
        D:1 |      21 |       0 |   0.0 |      13 |       0 |   0.0
        D:2 |       4 |       0 |   0.0 |       1 |       0 |   0.0
        D:4 |      18 |       4 |  18.2 |       2 |       2 |  50.0
            +---------+---------+-------+---------+---------+-------
